 Dungeon Crawl Stone Soup version 0.30-a0-422-g946f4849ff (webtiles) character file.

Game seed: 16728368473159059025

54 retardedninja the Trooper (level 3, -13/33 HPs)
             Began as a Hill Orc Fighter on Dec 8, 2022.
             Mangled by Crazy Yiuf
             ... wielding a +4 quarterstaff of chaos
              (15 damage)
             ... on level 2 of the Dungeon.
             The game lasted 00:01:41 (2045 turns).

retardedninja the Trooper (Hill Orc Fighter)        Turns: 2045, Time: 00:01:42

Health: -13/33     AC:  7    Str: 20    XL:     3   Next: 91%
Magic:  0/3        EV:  9    Int:  8    God:
Gold:   36         SH:  4    Dex: 10    Spells: 2/2 levels left

rFire   . . .      SeeInvis .    a - +0 war axe
rCold   . . .      Faith    .    c - +0 buckler
rNeg    . . .      Spirit   .    b - +0 scale mail
rPois   .          Reflect  .    (no helmet)
rElec   .          Harm     .    (no cloak)
rCorr   .          Rampage  .    (no gloves)
Will    .....                    (no boots)
Stlth   ..........               (no amulet)
HPRegen 0.25/turn                (no ring)
MPRegen 0.08/turn                (no ring)

@: mighty, lethally poisoned (-13 -> -16), hasted, invisible, very quick
A: no striking features
a: no special abilities


You were on level 2 of the Dungeon.
You visited 1 branch of the dungeon, and saw 2 of its levels.

You collected 36 gold pieces.

Inventory:

Hand Weapons
 a - a +0 war axe (weapon)
Armour
 b - a +0 scale mail (worn)
 c - a +0 buckler (worn)
Jewellery
 i - a ring of fire
Scrolls
 f - a scroll of butterflies {unknown}
 g - a scroll of amnesia {unknown}
 h - 2 scrolls of noise {unknown}
 j - a scroll of fear {unknown}
 k - a scroll of teleportation {unknown}
 l - a scroll of identify {unknown}
Potions
 d - a potion of might
 e - a potion of degeneration {unknown}
 n - a potion of attraction {unknown}
 p - a potion of invisibility {unknown}


   Skills:
 + Level 4.1 Fighting
 + Level 3.5 Axes
 + Level 3.9 Armour
 + Level 3.8 Shields


You had 2 spell levels left.
You didn't know any spells.
Your spell library was empty.

Dungeon Overview and Level Annotations

Branches:
Dungeon (2/15)

Altars:
Okawaru

Annotations:
D:2 Crazy Yiuf


Message History

Key pressed, stopping explore.
Key pressed, stopping explore.
You see here a +0 hammer.
You see here a +0 hammer.
Crazy Yiuf shouts!
You see here a +0 hammer.
You see here a +0 hammer.
Key pressed, stopping explore.
You see here a +0 hammer.
Could not explore, unopened runed door.
You feel very mighty all of a sudden.
Crazy Yiuf grits, "Millenium stair shrimp!"
You open the door. You completely miss Crazy Yiuf.
Crazy Yiuf hits you with a +4 quarterstaff of chaos!!
Ouch! That really hurt!
You feel your power leaking away.
Crazy Yiuf flaps his cloak.
Crazy Yiuf barely misses you.
You slash Crazy Yiuf!
Crazy Yiuf is heavily wounded.
Crazy Yiuf hits you with a +4 quarterstaff of chaos!
* * * LOW HITPOINT WARNING * * *
You are poisoned.
You closely miss Crazy Yiuf.
Crazy Yiuf is heavily wounded.
* * * LOW HITPOINT WARNING * * *
You feel very sick. Crazy Yiuf barely misses you.
It was a potion of heal wounds.
You feel much better.
You feel sick.
Crazy Yiuf hits you with a +4 quarterstaff of chaos!
Ouch! That really hurt!
* * * LOW HITPOINT WARNING * * *
You fade into invisibility!
It was a potion of haste.
You feel yourself speed up.
* * * LOW HITPOINT WARNING * * *
You feel sick.
Crazy Yiuf whimpers, "Blight!"
Crazy Yiuf hits you with a +4 quarterstaff of chaos!
You die...

#....##..[.#
#....##.##.#
#.....#.##.###
######..##....
##.#####) #.......#
### ####..####.#
#)))### ##..........#
#.))g@####.......#####
#)))##))#).......# ###
###)#)...#..#
#######...# #...##
#....# ##.#.# #.#.#
#.#.#


You could see Crazy Yiuf (unable to see you).

Vanquished Creatures
  A worm (D:2)
  A dart slug (D:1)
  5 endoplasms
  3 giant cockroaches
  8 goblins
  6 hobgoblins
  5 kobolds
  A quokka (D:1)
  3 ball pythons (D:1)
  4 bats
  3 frilled lizards
  5 rats
45 creatures vanquished.

Notes
Turn   | Place    | Note
-------+----------+-------------------------------------------
     0 | D:1      | retardedninja the Hill Orc Fighter began the quest for the
                  | Orb.
     0 | D:1      | Reached XP level 1. HP: 19/19 MP: 1/1
   120 | D:1      | Reached XP level 2. HP: 15/27 MP: 2/2
  1102 | D:1      | Reached skill level 4 in Fighting
  1102 | D:1      | Reached XP level 3. HP: 33/33 MP: 3/3
  1267 | D:1      | Found a faded altar of an unknown god.
  1435 | D:2      | Found an iron altar of Okawaru.
  1921 | D:2      | Found a runed translucent door.
  1922 | D:2      | Noticed Crazy Yiuf
  2045 | D:2      | Mangled by Crazy Yiuf

Illustrated notes

Levels and vault maps discovered:
D:1:      dpeg_arrival_boxes_within_box, layout_loops_ring,
          chequers_ecumenical_altar_simple, minmay_heptomino_h4
D:2:      layout_basic, basic_altar, uniq_crazy_yiuf_cottage

Skill      XL: |  1  2 |
---------------+-------+-----
Axes           | 3 |  3.5
Fighting       | 4 |  4.1
Armour         | |  3.9
Shields        | |  3.8

Action                   || total
-------------------------++-------
Melee: War axe           ||   127
  Use: Potion            ||     3
Armor: Scale mail        ||    67
Dodge: Dodged            ||    46
Block: Buckler           ||    31

Table legend: (Time is in decaauts)
 A = Elapsed time spent in this place.
 B = Non-inter-level travel time spent in this place.
 C = Inter-level travel time spent in this place.
 D = Time resting spent in this place.
 E = Time spent auto-exploring this place.
 F = Levels seen in this place.
 G = Mean time per level.
                   A        B        C        D        E       F      G
               +--------+--------+--------+--------+--------+-----+--------+
         Total |   2092 |   2083 |      9 |    545 |   1226 |   2 | 1046.0 |
       Dungeon |   2092 |   2083 |      9 |    545 |   1226 |   2 | 1046.0 |
               +--------+--------+--------+--------+--------+-----+--------+

Top non-repeatable levels by time:
     D:1: 1366 daAuts
     D:2: 725 daAuts
